 Dungeon Crawl Stone Soup version 0.31.0-32-g396128a36d (webtiles) character file.

Game seed: 6220617516583069030

81 imdaedric the Sneak (level 4, -5/23 HPs)
             Began as a Spriggan Brigand on Apr 24, 2024.
             Slain by a ribbon worm (6 damage)
             ... on level 3 of the Dungeon.
             The game lasted 00:02:51 (1727 turns).

imdaedric the Sneak (Spriggan Brigand)              Turns: 1727, Time: 00:02:52

Health: -5/23      AC:  3    Str:  7    XL:     4   Next: 19%
Magic:  5/5        EV: 17    Int: 12    God:
Gold:   114        SH:  0    Dex: 18    Spells: 3/3 levels left

rFire   . . .        a - +2 dagger
rCold   . . .        (no shield)
rNeg    . . .        b - +0 robe
rPois   .            (helmet restricted)
rElec   .            c - +0 cloak
rCorr   .            (gloves unavailable)
SInv    +            (boots unavailable)
Will    .....        (no amulet)
Stlth   ++++         (no ring)
HPRegen 0.23/turn    (no ring)
MPRegen 0.09/turn

%: no passive effects
@: very quick
A: very small, no large weapons, unfitting armour, see invisible, speed 3
a: no special abilities


You were on level 3 of the Dungeon.
You visited 1 branch of the dungeon, and saw 3 of its levels.

You collected 114 gold pieces.

Inventory:

Hand Weapons
 a - a +2 dagger (weapon)
Missiles
 d - 15 poisoned darts (quivered)
 e - 3 curare-tipped darts
Armour
 b - a +0 robe (worn)
 c - a +0 cloak (worn)
Jewellery
 j - a ring of resist corrosion
Scrolls
 f - a scroll of vulnerability
 h - 2 scrolls of poison
 k - a scroll of amnesia
 l - a scroll of teleportation
Potions
 g - a potion of heal wounds
 i - a potion of curing {unknown}
 m - a potion of ambrosia {unknown}


   Skills:
 + Level 2.1 Fighting
 + Level 2.9 Short Blades
 + Level 2.6 Throwing
 + Level 2.6 Dodging
 + Level 6.5 Stealth


You had 3 spell levels left.
You didn't know any spells.
Your spell library was empty.

Dungeon Overview and Level Annotations

Branches:
Dungeon (3/15)

Altars:

Shops:
D:2 :


Innate Abilities, Weirdness & Mutations

You are very small and have problems with some larger weapons.
You are too small for most types of armour.
You have supernaturally acute eyesight. (SInv)
You cover ground extremely quickly. (Speed+++)


Message History

The ribbon worm closely misses you.
You hit the ribbon worm.
The ribbon worm is lightly wounded.
You barely miss the ribbon worm.
The ribbon worm is lightly wounded.
The ribbon worm closely misses you.
You hit the ribbon worm.
The ribbon worm is moderately wounded.
The ribbon worm expels a string of sticky webbing.
The stream of webbing hits you but does no damage.
You are caught in a web!
The web tears apart.
The ribbon worm bites you.
You hit the ribbon worm.
The ribbon worm is moderately wounded.
You barely miss the ribbon worm.
The ribbon worm is moderately wounded.
The ribbon worm bites you.
* * * LOW HITPOINT WARNING * * *
You hit the ribbon worm.
The ribbon worm is moderately wounded.
The ribbon worm closely misses you.
You hit the ribbon worm but do no damage.
The ribbon worm is moderately wounded.
You barely miss the ribbon worm.
The ribbon worm is moderately wounded.
The ribbon worm bites you.
* * * LOW HITPOINT WARNING * * *
You barely miss the ribbon worm.
The ribbon worm is moderately wounded.
The ribbon worm barely misses you.
You hit the ribbon worm.
The ribbon worm is heavily wounded.
You barely miss the ribbon worm.
The ribbon worm is heavily wounded.
The ribbon worm bites you.
* * * LOW HITPOINT WARNING * * *
You hit the ribbon worm.
The ribbon worm is severely wounded.
The ribbon worm bites you.
You die...

##+####
.####.@...#
.......w...#
#.###......#
#.#.####
#.... ......
#####.. ....
..


You could see a ribbon worm.

Vanquished Creatures
  3 adders
  2 dart slugs (D:1)
  A ribbon worm (D:2)
  An endoplasm (D:1)
  A giant cockroach (D:2)
  2 goblins
  8 hobgoblins
  2 jackals (D:1)
  9 kobolds
  2 quokkas
  3 ball pythons
  6 bats
  3 frilled lizards
  5 rats
48 creatures vanquished.

Notes
Turn   | Place    | Note
-------+----------+-------------------------------------------
     0 | D:1      | imdaedric the Spriggan Brigand began the quest for the Orb.
     0 | D:1      | Reached XP level 1. HP: 10/10 MP: 2/2
    92 | D:1      | Reached skill level 6 in Stealth
    92 | D:1      | Reached XP level 2. HP: 13/15 MP: 3/3
   512 | D:1      | Reached XP level 3. HP: 18/18 MP: 4/4
  1015 | D:2      | Found Ocwuvo's Book Emporium.
  1550 | D:3      | Reached XP level 4. HP: 17/23 MP: 5/5
  1723 | D:3      | HP: 1/23 [ribbon worm (4)]
  1727 | D:3      | Slain by a ribbon worm

Illustrated notes

Levels and vault maps discovered:
D:1:      sevenhm_arrival_forest_fort_large_2, layout_loops_cross,
          minmay_pentomino_p4
D:2:      layout_loops_cross, serial_shops, shop
D:3:      layout_basic

Skill      XL: |  1  2  3 |
---------------+----------+-----
Stealth        | 6 |  6.5
Dodging        | 2 |  2.6
Fighting       | 2 |  2.1
Short Blades   | |  2.9
Throwing       | |  2.6

Action                     |  1- 3 |  4- 6 || total
---------------------------+-------+-------++-------
  Melee: Dagger            |   123 |    31 ||   154
    Use: Scroll            |     6 |     1 ||     7
   Stab: Sleeping          |    11 |     1 ||    12
         Distracted        |     1 |       ||     1
 Armour: Robe              |    31 |    11 ||    42
  Dodge: Dodged            |    89 |    21 ||   110
